 Dungeon Crawl Stone Soup version 0.27.1-1-g398f81649c (webtiles) character file.

Game seed: 14557260122786391538

2524 Rickety the Shield-Bearer (level 9, 0/74 HPs)
             Began as a Gnoll Fighter on Sept 6, 2021.
             Was a Follower of Cheibriados.
             Slain by an orc knight (41 damage)
             ... in a bailey.
             The game lasted 00:21:43 (8690 turns).

Rickety the Shield-Bearer (Gnoll Fighter)           Turns: 8690, Time: 00:21:44

Health: 0/74       AC: 10    Str: 18    XL:     9   Next: 54%
Magic:  15/15      EV: 10    Int: 13    God:    Cheibriados [*.....]
Gold:   288        SH: 11    Dex: 13    Spells: 15/16 levels left

rFire    . . .     SeeInvis .   b - +5 long sword (freeze)
rCold    . . .     Faith    .   c - +0 kite shield
rNeg     . . .     Spirit   .   u - +0 scale mail
rPois    +         Reflect  .   q - +1 helmet
rElec    .         Harm     .   l - scarf {+Inv}
rCorr    +         Rampage  .   (no gloves)
Will     .....                  (no boots)
Stlth    +.........             (no amulet)
HPRegen  0.22/turn              i - ring of poison resistance
MPRegen  0.14/turn              y - ring of resist corrosion

@: very slow
A: fangs 1, strong nose, distributed training
a: Renounce Religion, Evoke Invisibility, Bend Time


You were in a bailey.
You worshipped Cheibriados.
Cheibriados was aware of your devotion.
You visited 2 branches of the dungeon, and saw 8 of its levels.
You also visited: Ossuary and Bailey.

You collected 288 gold pieces.

Inventory:

Hand Weapons
 a - a +1 vorpal flail
 b - a +5 long sword of freezing (weapon)
 p - a +1 dagger of freezing
 x - a +4 spear of freezing
Missiles
 f - 26 poisoned darts (quivered)
Armour
 c - a +0 kite shield (worn)
 l - a scarf of invisibility (worn)
 q - a +1 helmet (worn)
 u - a +0 scale mail (worn)
 B - a +2 robe of willpower
Jewellery
 i - a ring of poison resistance (left hand)
 m - a +6 ring of dexterity
 y - a ring of resist corrosion (right hand)
 A - an amulet of faith
 E - a ring of positive energy
Wands
 j - a wand of mindburst (14)
 z - a wand of polymorph (10)
 H - a wand of charming (11)
Scrolls
 e - 8 scrolls of identify
 h - 3 scrolls of immolation
 k - 6 scrolls of teleportation
 n - a scroll of summoning {unknown}
 r - a scroll of enchant armour {unknown}
 t - 2 scrolls of amnesia
 w - a scroll of enchant weapon
 G - a scroll of brand weapon {unknown}
Potions
 d - a potion of might
 g - 9 potions of curing
 o - a potion of heal wounds
 s - a potion of haste {unknown}
 v - 2 potions of attraction {unknown}
 C - 2 potions of lignification
 D - a potion of ambrosia {unknown}
 F - a potion of invisibility {unknown}


   Skills:
 + Level 7.9 Fighting
 + Level 4.3 Short Blades
 + Level 4.3 Long Blades
 + Level 4.3 Axes
 + Level 6.4 Maces & Flails
 + Level 4.3 Polearms
 + Level 4.3 Staves
 + Level 4.3 Slings
 + Level 4.3 Bows
 + Level 4.3 Crossbows
 + Level 4.3 Throwing
 + Level 7.9 Armour
 + Level 4.3 Dodging
 + Level 4.3 Stealth
 + Level 7.9 Shields
 + Level 4.3 Unarmed Combat
 + Level 4.3 Spellcasting
 + Level 3.6 Conjurations
 + Level 3.6 Hexes
 + Level 3.6 Summonings
 + Level 3.6 Necromancy
 + Level 3.6 Translocations
 + Level 3.6 Transmutations
 + Level 3.6 Fire Magic
 + Level 3.6 Ice Magic
 + Level 3.6 Air Magic
 + Level 3.6 Earth Magic
 + Level 3.6 Poison Magic
 + Level 4.8 Invocations
 + Level 4.3 Evocations


You had 15 spell levels left.
You knew the following spells:

 Your Spells              Type           Power      Damage    Failure   Level
s - Sting                 Tmut/Pois      48%        1d5       30%         1

Your spell library contained the following spells:

 Spells                   Type           Power      Damage    Failure   Level
 Poisonous Vapours        Pois/Air       24%        N/A       43%         2
 Slow                     Hex            12%        N/A       43%         2
 Confusing Touch          Hex            12%        N/A       67%         3
 Olgreb's Toxic Radiance  Pois           12%        N/A       97%         4
 Yara's Violent Unravell  Hex/Tmut       6%         3d5       100%        5


Dungeon Overview and Level Annotations

Branches:
Dungeon (7/15)             Temple (1/1) D:5         Ossuary (visited)
 Bailey (1/1)

Altars:
Cheibriados
Dithmenos
Elyvilon
Fedhas
Gozag
Kikubaaqudgha
Nemelex Xobeh
Okawaru
Qazlal
Ru
Sif Muna
Trog
Uskayaw
Yredelemnul
Zin
The Shining One
Lugonu

Shops:
D:3 [   D:4 (


Innate Abilities, Weirdness & Mutations

You have very sharp teeth.
Your uncanny sense of smell can sniff out nearby items.
Your experience applies equally to all skills.


Message History

4 kobolds come into view.
Found two gates leading back out of this place.
The kobold throws a boomerang.
The boomerang hits you.
An orc warrior comes into view. It is wielding a +0 war axe.
The hobgoblin hits you but does no damage.
The orc knight roars a battlecry!
The orcs go into a battle-frenzy!
There is an open door here.
The hobgoblin hits you with a +0 hand axe.
You hit the hobgoblin. You freeze the hobgoblin.
The hobgoblin is severely wounded.
You block the hobgoblin's attack.
The orc knight roars a battlecry!
You slash the hobgoblin! You freeze the hobgoblin.
You kill the hobgoblin!
Cheibriados appreciates the change of pace.
You hit the orc knight but do no damage.
You bite the orc knight, but do no damage.
A goblin comes into view. It is wielding a +0 hand axe.
The orc knight hits you with a +0 broad axe!!!
Ouch! That really hurt!
The orc knight roars a battlecry!
The orc knight goes into a battle-frenzy!
You feel much better. The orc knight barely misses you.
You riposte.
You completely miss the orc knight.
As you read the scroll labelled QEHEMAZAONU, it crumbles to dust.
It is a scroll of enchant weapon.
Your +4 long sword of freezing glows red for a moment.
The sentinel's mark upon you fades away.
A hobgoblin comes into view. It is wielding a +0 hand axe.
The hobgoblin shouts!
An orc warrior comes into view. It is wielding a +0 broad axe.
The orc knight hits you with a +0 broad axe!
The kobold throws a boomerang.
You block the boomerang.
There is an open door, spattered with blood here.
Things that are here:
a +0 hand axe; a +0 leather armour The orc knight hits you with a +0 broad axe!!!
Ouch! That really hurt!
You die... .≈o≈K #≈g≈# .≈g≈K ##≈o≈## K≈g≈K

#'###≈g≈###'#
#∩.KK≈o≈K..∩#
##)## ##@o.##
#8.^^8#
##.∩.## ##8##
###


You could see 2 orc knights, an orc warrior (strong), 2 hobgoblins, 2 goblins
and 3 kobolds.

Vanquished Creatures
  A steam dragon (D:7)
  A wraith (D:6)
  An acid dragon (D:5)
  An ice beast (D:7)
  2 black bears (D:4)
  A sky beast (D:5)
  3 necrophages (D:4)
  A phantom (D:6)
  Blork the orc (D:5)
  A gnoll sergeant (D:6)
  2 scorpions (D:6)
  2 bullfrogs (D:6)
  2 wyvern skeletons
  A water moccasin skeleton (D:6)
  4 wights (D:4)
  3 bullfrog zombies
  A jelly (D:4)
  2 hounds
  2 bullfrog skeletons
  A centaur skeleton (D:6)
  A human zombie (D:4)
  An orc priest (D:4)
  An iguana (D:6)
  3 orc wizards
  A hound skeleton (D:4)
  4 mummies
  A howler monkey zombie (D:5)
  Robin (D:2)
  3 gnolls (D:6)
  A howler monkey skeleton (D:7)
  4 adders
  A white imp (D:5)
  A worm (D:2)
  17 orcs
  4 spectral bats (Ossuary)
  8 ball pythons
  8 endoplasms
  4 giant cockroaches
  12 gnoll zombies (Ossuary)
  15 goblins
  11 hobgoblins
  9 jackals
  9 kobolds
  4 quokkas
  6 bats
  2 bat simulacra (Ossuary)
  5 frilled lizards
  2 goblin simulacra (Ossuary)
  2 goblin zombies (Ossuary)
  4 hobgoblin zombies (Ossuary)
  2 kobold simulacra (Ossuary)
  7 kobold zombies (Ossuary)
  5 orc zombies (Ossuary)
  A quokka zombie (D:4)
  6 rats
  5 rat simulacra (Ossuary)
  3 spectral goblins (Ossuary)
  6 spectral kobolds (Ossuary)
  A spectral rat (Ossuary)
214 creatures vanquished.

Notes
Turn   | Place    | Note
-------+----------+-------------------------------------------
     0 | D:1      | Rickety the Gnoll Fighter began the quest for the Orb.
     0 | D:1      | Reached XP level 1. HP: 23/23 MP: 1/1
   161 | D:1      | Reached XP level 2. HP: 29/29 MP: 2/2
   435 | D:1      | Reached XP level 3. HP: 34/35 MP: 3/3
   858 | D:2      | Reached skill level 1 in Invocations
  1098 | D:2      | Found a faded altar of an unknown god.
  1159 | D:2      | Reached skill level 1 in Short Blades
  1159 | D:2      | Reached skill level 1 in Long Blades
  1159 | D:2      | Reached skill level 1 in Axes
  1159 | D:2      | Reached skill level 1 in Polearms
  1159 | D:2      | Reached skill level 1 in Staves
  1159 | D:2      | Reached skill level 1 in Slings
  1159 | D:2      | Reached skill level 1 in Bows
  1159 | D:2      | Reached skill level 1 in Crossbows
  1159 | D:2      | Reached skill level 1 in Throwing
  1159 | D:2      | Reached skill level 1 in Dodging
  1159 | D:2      | Reached skill level 1 in Stealth
  1159 | D:2      | Reached skill level 1 in Unarmed Combat
  1159 | D:2      | Reached skill level 1 in Spellcasting
  1159 | D:2      | Reached skill level 1 in Evocations
  1363 | D:2      | Reached XP level 4. HP: 41/41 MP: 5/5
  1485 | D:3      | Noticed Robin
  1574 | D:2      | Killed Robin
  1598 | D:3      | Reached skill level 1 in Conjurations
  1598 | D:3      | Reached skill level 1 in Hexes
  1598 | D:3      | Reached skill level 1 in Summonings
  1598 | D:3      | Reached skill level 1 in Necromancy
  1598 | D:3      | Reached skill level 1 in Translocations
  1598 | D:3      | Reached skill level 1 in Transmutations
  1598 | D:3      | Reached skill level 1 in Fire Magic
  1598 | D:3      | Reached skill level 1 in Ice Magic
  1598 | D:3      | Reached skill level 1 in Air Magic
  1598 | D:3      | Reached skill level 1 in Earth Magic
  1598 | D:3      | Reached skill level 1 in Poison Magic
  1726 | D:3      | Found a white marble altar of Elyvilon.
  1816 | D:3      | Reached XP level 5. HP: 30/47 MP: 5/7
  2538 | D:3      | Found Mymil's Armour Emporium.
  2860 | D:4      | Reached XP level 6. HP: 38/53 MP: 8/8
  3075 | D:4      | Reached skill level 5 in Maces & Flails
  3538 | D:4      | Noticed a black bear
  3550 | D:4      | Killed a black bear
  3588 | D:4      | Noticed a black bear
  3597 | D:4      | Killed a black bear
  3598 | D:4      | Reached XP level 7. HP: 60/60 MP: 10/10
  3672 | D:4      | Found Cuareig's Antique Weapon Shop.
  4012 | D:4      | Found an ancient bone altar of Kikubaaqudgha.
  4041 | D:4      | Reached XP level 8. HP: 39/67 MP: 12/12
  4279 | D:5      | Entered Level 5 of the Dungeon
  4314 | D:5      | Found a staircase to the Ecumenical Temple.
  4407 | D:5      | Found a sand-covered staircase.
  4407 | D:5      | Noticed Blork the orc
  4415 | D:5      | Killed Blork the orc
  4429 | Ossuary  | Entered an ossuary
  5570 | Temple   | Entered the Ecumenical Temple
  5906 | D:5      | Found a glowing silver altar of Zin.
  6177 | D:5      | Found a snail-covered altar of Cheibriados.
  6199 | D:5      | Became a worshipper of Cheibriados the Contemplative
  7208 | D:6      | Reached XP level 9. HP: 72/72 MP: 14/14
  7223 | D:6      | Learned a level 1 spell: Sting
  7403 | D:6      | Found an opulent altar of Gozag.
  8195 | D:6      | Reached * piety under Cheibriados
  8257 | D:6      | Found a shadowy altar of Dithmenos.
  8259 | D:6      | Found a bloodstained altar of Trog.
  8586 | D:7      | Found a flagged portal.
  8597 | Bailey   | Entered a bailey
  8681 | Bailey   | Noticed an orc knight
  8681 | Bailey   | Noticed an orc knight
  8690 | Bailey   | Slain by an orc knight

Illustrated notes

Levels and vault maps discovered:
D:1:      evilmike_arrival_plus, layout_basic, palyth_stone_intersect
D:2:      layout_loops_ring, hellmonk_ecumenical_altar_pennies_from_heaven
D:3:      layout_basic, mainiacjoe_overflow_paths, serial_shops,
          nicolae_lakefront_shop, minmay_statues_item, uniq_robin
D:4:      layout_loops_cross, lemuel_mausoleum_altar_kikubaaqudgha,
          serial_shops, shop
D:5:      layout_basic, mainiacjoe_overflow_catwalk_spiral,
          minmay_temple_entry_mist, gup_ossuary_entry_pyramid,
          minmay_tree_intersection, uniq_blork_the_orc
D:6:      layout_gridville, nicolae_overflow_hidden_temple
D:7:      layout_loops_cross, xom_redecorated,
          mainiacjoe_overflow_cross_hatched, enter_bailey_4
Temple:   kb_corrupted_temple
Bailey:   bailey_axe_1, bailey

Skill      XL: |  1  2  3  4  5  6  7  8  9 |
---------------+----------------------------+-----
Invocations    | 1 2 3 4 |  4.8
Short Blades   | 1 2 3 4 |  4.3
Long Blades    | 1 2 3 4 |  4.3
Axes           | 1 2 3 4 |  4.3
Polearms       | 1 2 3 4 |  4.3
Staves         | 1 2 3 4 |  4.3
Slings         | 1 2 3 4 |  4.3
Bows           | 1 2 3 4 |  4.3
Crossbows      | 1 2 3 4 |  4.3
Throwing       | 1 2 3 4 |  4.3
Dodging        | 1 2 3 4 |  4.3
Stealth        | 1 2 3 4 |  4.3
Unarmed Combat | 1 2 3 4 |  4.3
Spellcasting   | 1 2 3 4 |  4.3
Evocations     | 1 2 3 4 |  4.3
Conjurations   | 1 2 3 |  3.6
Hexes          | 1 2 3 |  3.6
Summonings     | 1 2 3 |  3.6
Necromancy     | 1 2 3 |  3.6
Translocations | 1 2 3 |  3.6
Transmutations | 1 2 3 |  3.6
Fire Magic     | 1 2 3 |  3.6
Ice Magic      | 1 2 3 |  3.6
Air Magic      | 1 2 3 |  3.6
Earth Magic    | 1 2 3 |  3.6
Poison Magic   | 1 2 3 |  3.6
Maces & Flails | 5 6 |  6.4
Fighting       | 7 |  7.9
Armour         | 7 |  7.9
Shields        | 7 |  7.9

Action                   |  1- 3 |  4- 6 |  7- 9 || total
-------------------------+-------+-------+-------++-------
Melee: Flail             |   140 |   232 |    78 ||   450
       Bite              |     4 |    22 |    51 ||    77
       Long sword        |       |       |   299 ||   299
Invok: Bend Time         |       |       |     1 ||     1
 Abil: Evoke Invisibilit |       |       |     1 ||     1
  Use: Scroll            |       |       |    14 ||    14
       Potion            |       |       |     5 ||     5
 Stab: Invisible         |       |       |     2 ||     2
       Sleeping          |       |       |     1 ||     1
Armor: Scale mail        |    59 |   114 |   151 ||   324
Dodge: Dodged            |    49 |    79 |   145 ||   273
Block: Kite shield       |    81 |   112 |   216 ||   409
       Rpst.: Long sword |       |       |    35 ||    35
